 Dungeon Crawl Stone Soup version 0.19-a0-1049-g462a813 (webtiles) character file.

1323 Gagarin the Firebug (level 8, -3/62 HPs)
             Began as a Yellow Draconian Fire Elementalist on July 31, 2016.
             Was a Follower of Sif Muna.
             Killed from afar by Kidiri's ghost (9 damage)
             ... with a puff of flame
             ... on level 6 of the Dungeon.
             The game lasted 00:24:04 (7444 turns).

Gagarin the Firebug (DrFE)                          Turns: 7444, Time: 00:24:05

Health: -3/62      AC:  6    Str: 10    XL:     8   Next: 33%
Magic:  1/15       EV: 14    Int: 17    God:    Sif Muna [*.....]
Gold:   283        SH:  0    Dex: 13    Spells: 3 memorised, 10 levels left

rFire  . . .     SeeInvis .     F - +0 long sword
rCold  + . .     Gourm    .     (armour unavailable)
rNeg   . . .     Faith    .     (no shield)
rPois  .         Spirit   .     (helmet restricted)
rElec  .         Dismiss  .     (no cloak)
rCorr  +         Reflect  .     (no gloves)
SustAt .         Harm     .     (no boots)
MR     .....                    (no amulet)
Stlth  ++........               (no ring)
                                k - ring of protection from cold

@: very slightly contaminated, not resistant to hostile enchantments, unstealthy
A: spit acid, acid resistance, unfitting armour, cold-blooded, AC +6
a: Spit Acid, Divine Energy, Renounce Religion


You were on level 6 of the Dungeon.
You worshipped Sif Muna.
Sif Muna was aware of your devotion.
You were not hungry.

You visited 1 branch of the dungeon, and saw 6 of its levels.

You collected 283 gold pieces.

Inventory:

Hand Weapons
 F - a +0 long sword (weapon)
 H - a +0 shortbow
Missiles
 h - 96 arrows
 j - 20 bolts
Jewellery
 k - a ring of protection from cold (left hand)
 z - an uncursed ring of stealth {unknown}
Scrolls
 c - 2 scrolls of enchant armour {unknown}
 e - 3 scrolls of identify
 f - 3 scrolls of remove curse {unknown}
 g - 2 scrolls of fog {unknown}
 l - 2 scrolls of enchant weapon {unknown}
 m - 3 scrolls of noise {unknown}
 o - a scroll of random uselessness {unknown}
 s - a scroll of amnesia {unknown}
 y - a scroll of immolation {unknown}
 E - a scroll of fear {unknown}
 J - a scroll of magic mapping {unknown}
Potions
 d - a potion of berserk rage {unknown}
 n - 2 potions of curing
 p - 2 potions of magic {unknown}
 q - 2 potions of mutation {unknown}
 r - a potion of brilliance {unknown}
 t - a potion of degeneration {unknown}
 w - 6 potions of flight {unknown}
 A - a potion of agility {unknown}
 B - a potion of ambrosia {unknown}
 D - a potion of lignification {unknown}
 I - a potion of heal wounds {unknown}
Books
 a - a book of Flames

   Spells                             Type                      Level
   a - Flame Tongue                   Conjuration/Fire             1
   b - Throw Flame                    Conjuration/Fire             2
   c - Conjure Flame                  Conjuration/Fire             3
   d - Inner Flame                    Hexes/Fire                   3
   e - Sticky Flame                   Conjuration/Fire             4
   f - Fireball                       Conjuration/Fire             5
Comestibles
 b - 6 bread rations
 i - 2 beef jerkies
 u - a slice of pizza
 v - 4 fruits
 x - 2 royal jellies
 C - a meat ration
 G - 3 chunks of flesh


   Skills:
 + Level 2.7 Fighting
 + Level 2.3 Long Blades
 + Level 4.5 Dodging
 + Level 2.5 Stealth
 + Level 4.9 Spellcasting
 + Level 3.9 Conjurations
 + Level 5.5 Fire Magic


You had 10 spell levels left.
You knew the following spells:

 Your Spells              Type           Power        Failure   Level  Hunger
a - Flame Tongue          Conj/Fire      ###..        2%          1    None
b - Conjure Flame         Conj/Fire      ###.....     10%         3    ###....
c - Throw Flame           Conj/Fire      ###...       3%          2    #......


Dungeon Overview and Level Annotations

Branches:
Dungeon (6/15)             Temple (0/1) D:4

Altars:
Cheibriados
Dithmenos
Fedhas
Pakellas
Sif Muna
Uskayaw

Annotations:
D:6 Kidiri's ghost, novice DEFE


Innate Abilities, Weirdness & Mutations

You can spit globs of acid.
You are resistant to acid.
Your golden yellow scales are hard. (AC +6)
Your body does not fit into most forms of armour.
You are cold-blooded and may be slowed by cold attacks.


Message History

You aren't carrying any items that you can evoke.
You closely miss Kidiri's ghost.
Kidiri's ghost is almost destroyed.
The orc hits you but does no damage. The orc hits you with a dagger.
* * * LOW HITPOINT WARNING * * *
Kidiri's ghost hits you.
* * * LOW HITPOINT WARNING * * *
You barely miss Kidiri's ghost.
Kidiri's ghost is almost destroyed.
You have got your breath back.
The orc barely misses you. Kidiri's ghost hits you!
* * * LOW HITPOINT WARNING * * *
The orc hits you but does no damage.
You hit Kidiri's ghost but do no damage.
Kidiri's ghost is almost destroyed.
The orc closely misses you.
You riposte.
You hit the orc.
The orc is lightly wounded.
Kidiri's ghost casts a spell at you. The puff of flame hits you!
You die...

.#.# #..##.# #.
.#<###..##.#### ##
...........#..
.........###.#
...###.#.###.######
#### #.#.##.#.#...#
#.#...###..#.#
#.####.#.#o..# #.#
#.###@## #.# #.#
#W#####.# #.# # #
#.......# #.#
#..###### #..#
########..#
..........#
#######...# #...#


You could see Kidiri's ghost and an orc.

Vanquished Creatures
  An ice beast (D:5)
  An ogre (D:5)
  A phantom (D:5)
  2 centaurs
  A crimson imp (D:5)
  A jelly (D:5)
  3 orc priests
  2 hounds
  8 orc wizards
  2 iguanas
  6 worker ants
  A howler monkey zombie (D:6)
  9 adders
  2 shadow imps (D:5)
  An ooze (D:3)
  An adder zombie (D:5)
  An adder skeleton (D:6)
  4 worms
  5 dart slugs
  2 giant geckos
  27 orcs
  3 ball pythons
  3 giant cockroaches
  11 goblins
  8 hobgoblins
  9 jackals
  5 quokkas
  9 bats
  8 giant newts
  14 kobolds
  5 rats
156 creatures vanquished.

Vanquished Creatures (others)
  A hippogriff (D:2)
1 creature vanquished.

Grand Total: 157 creatures vanquished

Notes
Turn   | Place    | Note
-------+----------+-------------------------------------------
     0 | D:1      | Gagarin the Draconian Fire Elementalist began the quest for the Orb.
     0 | D:1      | Reached XP level 1. HP: 14/14 MP: 3/3
   331 | D:1      | Reached XP level 2. HP: 13/20 MP: 0/5
  1296 | D:2      | Reached XP level 3. HP: 26/26 MP: 4/6
  1344 | D:2      | Found a snail-covered altar of Cheibriados.
  1820 | D:2      | Learned a level 3 spell: Conjure Flame
  2001 | D:2      | Reached XP level 4. HP: 33/33 MP: 0/7
  2124 | D:2      | Reached skill level 4 in Fire Magic
  2158 | D:2      | Found an oddly glowing altar of Pakellas.
  2158 | D:2      | Noticed an orange crystal statue
  2170 | D:2      | Killed a hippogriff
  2660 | D:3      | Learned a level 2 spell: Throw Flame
  3209 | D:3      | Reached XP level 5. HP: 7/39 MP: 0/9
  4021 | D:4      | Reached skill level 1 in Long Blades
  4186 | D:5      | Entered Level 5 of the Dungeon
  4233 | D:5      | Noticed an ice beast
  4268 | D:5      | Killed an ice beast
  4268 | D:5      | Reached XP level 6. HP: 25/46 MP: 0/11
  4594 | D:4      | Found a deep blue altar of Sif Muna.
  4604 | D:4      | Became a worshipper of Sif Muna the Loreminder
  4707 | D:4      | Reached skill level 1 in Fighting
  5003 | D:4      | Found a hide-covered altar of Uskayaw.
  5289 | D:4      | Found a shadowy altar of Dithmenos.
  5319 | D:4      | Found a staircase to the Ecumenical Temple.
  5570 | D:5      | Your scales start taking on a golden yellow colour.
  5570 | D:5      | Reached XP level 7. HP: 48/52 MP: 4/12
  5670 | D:5      | Reached skill level 5 in Fire Magic
  6266 | D:5      | Reached * piety under Sif Muna
  6339 | D:5      | Found a blossoming altar of Fedhas.
  6737 | D:5      | Reached XP level 8. HP: 59/61 MP: 5/14
  7418 | D:6      | Noticed Kidiri's ghost (novice DEFE)
  7444 | D:6      | Killed from afar by Kidiri's ghost

Vault maps used:
D:1:      dpeg_arrival_arbitrary_c
D:2:      gammafunk_pakellas_statue_experiment, kennysheep_slug_shrine
D:4:      eat_drink_and_be_merry_uskayaw, nicolae_overflow_hidden_temple,
          nicolae_overflow_crystal_walls, first_bread
D:5:      corexii_shack_village, lemuel_round_altar, kennysheep_generic_room_9
D:6:      cheibrodos_ashenzari_chains, serial_shops, kennysheep_mini_moat,
          tso_altar

Skill      XL: |  1  2  3  4  5  6  7 |
---------------+----------------------+-----
Dodging        | 2 3 4 |  4.5
Fire Magic     | 4 5 |  5.5
Spellcasting   | 3 4 |  4.9
Stealth        | 2 |  2.5
Conjurations   | 2 3 |  3.9
Long Blades    | 1 2 |  2.3
Fighting       | 1 2 |  2.7

Action                   |  1- 3 |  4- 6 |  7- 9 || total
-------------------------+-------+-------+-------++-------
Melee: Unarmed           |    11 |       |       ||    11
       Tailslap          |     1 |    10 |    18 ||    29
       Falchion          |       |   153 |    30 ||   183
       Long sword        |       |       |   145 ||   145
 Cast: Flame Tongue      |    71 |    87 |    70 ||   228
       Conjure Flame     |     1 |     2 |     3 ||     6
       Throw Flame       |       |    42 |    27 ||    69
 Abil: Spit Acid         |       |       |     3 ||     3
  Use: Scroll            |     1 |       |       ||     1
       Potion            |       |     1 |     1 ||     2
 Stab: Sleeping          |       |     1 |     1 ||     2
  Eat: Chunk             |     4 |     9 |     8 ||    21
       Meat ration       |       |     1 |       ||     1
Armor: Skin              |     8 |    49 |    53 ||   110
Dodge: Dodged            |    25 |   111 |    99 ||   235
